 Dungeon Crawl Stone Soup version 0.28.0-1-gb440e238dd (webtiles) character file.

Game seed: 12615142236612367995

7006 unlimited1921 the Thaumaturge (level 11, -7/98 HPs)
             Began as a Djinni Fire Elementalist on Feb 24, 2022.
             Was an Initiate of Gozag.
             Killed by an exploding tengu warrior (61 damage)
             ... ignited by their inner flame
             ... on level 10 of the Dungeon.
             The game lasted 01:02:54 (17672 turns).

unlimited1921 the Thaumaturge (DjFE)               Turns: 17672, Time: 01:02:57

Health: -7/98      AC: 12    Str:  7    XL:     11   Next: 29%
Gold:   833        EV: 13    Int: 28    God:    Gozag SH:  0 Dex: 19

rFire   x . .      SeeInvis .   (weapon currently unavailable)
rCold   + + +      Faith    .   (shield currently unavailable)
rNeg    . . .      Spirit   .   (armour currently unavailable)
rPois   ∞          Reflect  .   (helmet currently unavailable)
rElec   .          Harm     .   (cloak currently unavailable)
rCorr   .          Rampage  .   (gloves currently unavailable)
Will    +....                   (boots unavailable)
Stlth   +++.......              (no amulet)
HPRegen 0.26/turn               f - +6 ring of dexterity
MPRegen 0.00/turn               A - +6 ring of intelligence

@: ice-form, gold aura, flying
A: freezing attack, flying, boosted hp, sickness immunity, large, (fire
resistance 2), (cold vulnerability 1), float, innate caster, HP casting, extra
vitality 1
a: End Transformation, Renounce Religion, Potion Petition, Call Merchant, Bribe
Branch


You were on level 10 of the Dungeon.
You worshipped Gozag.
Gozag was pleased with you.
You were a creature of crystalline ice.
You visited 1 branch of the dungeon, and saw 10 of its levels.

You collected 949 gold pieces.
You paid 116 gold pieces to Gozag.

Inventory:

Hand Weapons
 o - a +2 great sword
 r - a +0 hand axe
 w - a +2 dagger of venom
 B - a +1 vorpal dire flail
 E - a +0 arbalest
 I - a +1 war axe of flaming (melded)
 M - a +0 broad axe
 Q - a +0 long sword
 U - a +2 scimitar
 W - a +0 hunting sling of flaming
Missiles
 j - 369 stones
 q - 2 throwing nets
 s - 4 curare-tipped darts
 x - 24 poisoned darts
 J - 80 sling bullets
 O - 41 bolts
Armour
 a - a +0 robe (melded)
 p - a +0 leather armour
 z - a scarf of invisibility
 C - a +2 leather armour of willpower
 H - a +2 helmet (melded)
 V - a +2 pair of gloves (melded)
Jewellery
 d - a ring of protection from cold
 f - a +6 ring of dexterity (left front paw)
 A - a +6 ring of intelligence (right front paw)
 G - a ring of wizardry
 R - a ring of willpower
Wands
 m - a wand of acid (16) (quivered)
 v - a wand of digging (13)
 T - a wand of polymorph (4)
Scrolls
 e - 2 scrolls of fear {unknown}
 g - 5 scrolls of teleportation {unknown}
 h - a scroll of vulnerability
 k - a scroll of identify
 t - 2 scrolls of enchant weapon {unknown}
 u - a scroll of blinking
 y - 4 scrolls of acquirement {unknown}
 F - 2 scrolls of fog {unknown}
 L - a scroll of amnesia
 N - a scroll of immolation
 P - a scroll of noise
Potions
 b - 3 potions of invisibility {unknown}
 c - a potion of might
 i - a potion of ambrosia {unknown}
 l - 6 potions of curing
 n - 2 potions of heal wounds {unknown}
 D - a potion of brilliance
 K - 3 potions of degeneration {unknown}
 S - a potion of mutation {unknown}


   Skills:
 * Level 8.8 Fighting
 + Level 0.6 Throwing
 * Level 5.4 Dodging
 + Level 4.8 Stealth
 + Level 9.8 Spellcasting
 + Level 1.7 Evocations


You had 2 spell levels left.
You knew the following spells:

 Your Spells              Type           Power      Damage    Failure   Level
a - Foxfire               Conj/Fire      100%       2x1d9     1%          1
b - Scorch                Fire           100%       2d10      1%          2
c - Conjure Flame         Conj/Fire      62%        6-21      1%          3
d - Inner Flame           Hex/Fire       62%        N/A       1%          3
e - Flame Wave            Conj/Fire      62%        2d12      1%          4
f - Sandblast             Erth           100%       2d20      1%          1
g - Passwall              Tmut/Erth      51%        N/A       1%          2
h - Lesser Beckoning      Tloc           62%        N/A       1%          3
i - Ice Form              Ice/Tmut       62%        N/A       1%          4
j - Summon Lightning Spi  Summ/Air       62%        N/A       1%          4
Your spell library was empty.

Dungeon Overview and Level Annotations

Branches:
Dungeon (10/15)            Temple (0/1) D:7            Lair (0/6) D:10
    Orc: D:9-12

Altars:
Cheibriados
Dithmenos
Elyvilon
Gozag
Hepliaklqana
Qazlal
Sif Muna
Trog
Vehumet
Xom
Zin

Annotations:
D:10 2 transporters, GloriousHammer's ghost, novice MiBe


Innate Abilities, Weirdness & Mutations

You are a creature of crystalline ice.
You have a powerful freezing melee attack.
You are flying.
Your maximum health is increased.
Your armour is entirely melded.
You are incapable of wielding weapons or throwing items.
You are immune to sickness and miasma.
You are immune to poison.
((Your flesh is very heat resistant. (rF++)))
((You are vulnerable to cold. (rC-)))
You float through the air rather than walking.
You learn spells naturally, not from books.
Your magical power is your life essence.
You have superior vitality. (+4 MHP)


Message History

An open door.
Unknown command.
Casting: Inner Flame (safe; 1% risk of failure)
Confirm with . or Enter, or press ? or * to list all spells.
You turn into a creature of crystalline ice.
Your +1 war axe of flaming melds into your body.
Your +2 helmet melds into your body.
Your +2 pair of gloves melds into your body.
Your +0 robe melds into your body.
Your +1 war axe of flaming stops flaming.
The tengu warrior hits you with a +0 long sword.
The tengu warrior pecks you but does no damage.
The tengu warrior barely misses you.
Casting: Ice Form (mildly dangerous; 1% risk of failure)
Confirm with . or Enter, or press ? or * to list all spells.
Flames lash the tengu warrior.
Flame seeps out of the tengu warrior.
The tengu warrior is lightly wounded.
The tengu warrior's fire resistance burns away.
The tengu warrior is engulfed in blazing flames.
Flame seeps out of the tengu warrior.
The tengu warrior hits you but does no damage.
The tengu warrior misses you.
The tengu warrior claws you but does no damage.
Casting: Scorch (safe; 1% risk of failure)
Confirm with . or Enter, or press ? or * to list all spells.
Flames lash the tengu warrior.
The tengu warrior is burned terribly!
Flame seeps out of the tengu warrior.
The tengu warrior is heavily wounded.
The tengu warrior is engulfed in blazing flames.
Flame seeps out of the tengu warrior.
The tengu warrior hits you with a +0 long sword!
The tengu warrior pecks you. The tengu warrior claws you.
Casting: Scorch (safe; 1% risk of failure)
Confirm with . or Enter, or press ? or * to list all spells.
Flames lash the tengu warrior.
The tengu warrior is burned terribly!
The tengu warrior explodes!
The fiery explosion engulfs you!!! The fire burns you terribly!
Ouch! That really hurt!
You die...
Your body crumbles into a pile of gold.

#........#####....#
#..........©....###
#..###+###.....##
#$##......#....# #
#.8+......#....# .
#>.#......#....#
#.§#......#######
###°#............#
#$§Y§######......#
#.$..# #..^^..#
#....# #.^_^..#
#####....# #.^^^..#
#........# #......#
#........# #......#
#..$.....# ########
#........#
#........#


You could see a friendly lightning spire (summoned).

Vanquished Creatures
  A two-headed ogre (D:10)
  A tengu warrior (D:10)
  An ugly thing (D:8)
  Joseph (D:8)
  2 kobold demonologists
  A hornet (D:9)
  A wyvern (D:6)
  A shadow (D:9)
  The ghost of yahweh the Slasher, an amateur MiBe of Trog (D:5)
  2 wraiths (D:8)
  Edmund (D:4)
  An acid dragon (D:9)
  A water moccasin (D:6)
  3 black bears
  A hornet zombie (D:8)
  4 centaurs
  2 phantoms
  4 kobold brigands
  Blork the orc (D:6)
  A gnoll sergeant (D:7)
  2 bullfrogs
  3 scorpions
  A wyvern skeleton (D:5)
  8 killer bees
  4 wights (D:8)
  2 howler monkeys (D:10)
  An electric eel (D:7)
  A jelly (D:6)
  3 centaur zombies
  2 orc priests
  A centaur skeleton (D:6)
  A hound (D:5)
  3 bullfrog skeletons
  Ijyb (D:3)
  2 iguanas
  3 orc wizards
  2 scorpion zombies (D:5)
  A hound zombie (D:5)
  A mummy (D:8)
  13 gnolls
  4 howler monkey skeletons
  5 adders
  2 ufetubi
  3 dart slugs
  12 orcs
  7 endoplasms
  A giant cockroach (D:4)
  5 goblins (D:3)
  11 hobgoblins
  7 jackals
  4 quokkas
  5 ball pythons
  5 bats
  2 frilled lizards
  27 kobolds
  5 rats
191 creatures vanquished.

Vanquished Creatures (collateral kills)
  A two-headed ogre (D:10)
  An orc warrior (D:10)
  A centaur (D:10)
  A howler monkey (D:10)
  2 orcs (D:10)
  2 kobolds (D:9)
8 creatures vanquished.

Vanquished Creatures (others)
  318 foxfires
  24 plants
342 creatures vanquished.

Grand Total: 541 creatures vanquished

Notes
Turn   | Place    | Note
-------+----------+-------------------------------------------
     0 | D:1      | unlimited1921 the Djinni Fire Elementalist began the quest
                  | for the Orb.
     0 | D:1      | Reached XP level 1. HP: 15/15 MP: 0/0
   330 | D:1      | Found a faded altar of an unknown god.
   595 | D:1      | Reached XP level 2. HP: 19/21 MP: 0/0
  1510 | D:1      | Reached XP level 3. HP: 23/26 MP: 0/0
  1510 | D:1      | Learned a level 1 spell: Sandblast
  1916 | D:1      | Reached skill level 3 in Spellcasting
  1921 | D:1      | Reached skill level 1 in Fighting
  2450 | D:2      | Found a shadowy altar of Dithmenos.
  3999 | D:3      | Reached XP level 4. HP: 29/32 MP: 0/0
  4232 | D:3      | Reached XP level 5. HP: 29/37 MP: 0/0
  4232 | D:3      | Learned a level 2 spell: Passwall
  4944 | D:3      | Noticed Ijyb
  4947 | D:3      | Killed Ijyb
  5175 | D:3      | Reached XP level 6. HP: 13/43 MP: 0/0
  6216 | D:4      | Noticed a black bear
  6221 | D:4      | Killed a black bear
  6222 | D:4      | Reached XP level 7. HP: 37/50 MP: 0/0
  6222 | D:4      | Learned a level 3 spell: Lesser Beckoning
  7022 | D:4      | Noticed Edmund
  7031 | D:4      | Killed Edmund
  7333 | D:5      | Entered Level 5 of the Dungeon
  7422 | D:5      | Reached skill level 5 in Fighting
  7422 | D:5      | Reached XP level 8. HP: 36/59 MP: 0/0
  7433 | D:5      | Reached skill level 1 in Evocations
  7816 | D:5      | Found a runed translucent door.
  7818 | D:5      | Noticed yahweh's ghost (amateur MiBe)
  7857 | D:5      | Reached skill level 4 in Spellcasting
  7995 | D:5      | Found a runed translucent door.
  8584 | D:5      | Killed yahweh's ghost
  8972 | D:6      | Noticed a wyvern
  8977 | D:6      | Killed a wyvern
  8978 | D:6      | Reached skill level 5 in Spellcasting
  9105 | D:6      | Reached XP level 9. HP: 57/66 MP: 0/0
  9105 | D:6      | Learned a level 4 spell: Ice Form
  9867 | D:6      | Noticed Blork the orc
  9871 | D:6      | Killed Blork the orc
 10085 | D:6      | Reached skill level 6 in Spellcasting
 10653 | D:6      | Found a hazy altar of Hepliaklqana.
 10667 | D:6      | Found a stormy altar of Qazlal.
 11273 | D:7      | Found a staircase to the Ecumenical Temple.
 11996 | D:7      | Found a shadowy altar of Dithmenos.
 12195 | D:7      | Found a white marble altar of Elyvilon.
 12195 | D:7      | Found an opulent altar of Gozag.
 12195 | D:7      | Found a glowing silver altar of Zin.
 12202 | D:7      | Became a worshipper of Gozag Ym Sagoz the Greedy
 12582 | D:8      | Reached skill level 7 in Spellcasting
 12824 | D:8      | Found a snail-covered altar of Cheibriados.
 13122 | D:8      | Reached XP level 10. HP: 68/75 MP: 0/0
 13333 | D:8      | Noticed a red ugly thing
 13345 | D:8      | Killed a red ugly thing
 13682 | D:8      | Noticed Joseph
 13688 | D:8      | Killed Joseph
 13689 | D:8      | Reached skill level 8 in Spellcasting
 15149 | D:9      | Noticed a kobold demonologist
 15159 | D:8      | Killed a kobold demonologist
 15986 | D:9      | Noticed a kobold demonologist
 15990 | D:9      | Killed a kobold demonologist
 16418 | D:9      | Reached skill level 9 in Spellcasting
 16582 | D:9      | Reached XP level 11. HP: 72/82 MP: 0/0
 16582 | D:9      | Learned a level 4 spell: Summon Lightning Spire
 16934 | D:10     | Entered Level 10 of the Dungeon
 17010 | D:10     | Noticed a two-headed ogre
 17015 | D:10     | Killed a two-headed ogre
 17016 | D:10     | Reached skill level 5 in Dodging
 17323 | D:10     | Noticed a two-headed ogre
 17332 | D:10     | Killed a two-headed ogre
 17404 | D:10     | Found a staircase to the Lair.
 17572 | D:10     | Found a transporter.
 17573 | D:10     | Found a bloodstained altar of Trog.
 17573 | D:10     | Noticed GloriousHammer's ghost (novice MiBe)
 17573 | D:10     | Noticed a moth of wrath
 17580 | D:10     | Found a transporter.
 17591 | D:10     | Found a shimmering altar of Xom.
 17661 | D:10     | Noticed a tengu warrior
 17672 | D:10     | Killed a tengu warrior
 17672 | D:10     | Killed by an exploding tengu warrior... ignited by their
                  | inner flame

Illustrated notes

Levels and vault maps discovered:
D:1:      dpeg_arrival_line_fractal, layout_rooms, ebering_ecumenical_altar_box,
          minmay_misc_feat_tower
D:2:      layout_basic, basic_altar, minmay_tetromino_l2
D:3:      layout_loops_ring, lexackson_kobold_supper, uniq_ijyb
D:4:      cheibrodos_thug_alley, layout_rooms, uniq_edmund
D:5:      layout_loops_ring, ebering_ghost_sewer_f, minmay_chambers_of_fives
D:6:      layout_basic, minmay_overflow_temple_star_quad, item_on_display_a,
          uniq_blork_the_orc
D:7:      layout_loops_corners, gammafunk_temple_overflow_claw,
          grunt_dithmenos_shadows, mainiacjoe_overflow_cross_hatched,
          temple_fountains, minmay_misc_feat_iff, minmay_holes,
          minmay_crystal_water, nicolae_concentric_dashed_squares_wild
D:8:      layout_loops_ring, slow_altar_1, dk_noncrumbling_2, uniq_joseph
D:9:      layout_rooms, st_stairs_9
D:10:     layout_gridville, xom_teletrap_fun, dpeg_oklobed_lair,
          hiddenorc1_lemuel, gammafunk_ghost_wrathful_warriors,
          nicolae_figureground_sparkle, uniq_fannar

Skill      XL: |  1  2  3  4  5  6  7  8  9 10 11 |
---------------+----------------------------------+-----
Spellcasting   | 3 5 7 9 |  9.8
Fighting       | 1 2 3 5 6 7 8 |  8.8
Stealth        | 2 3 4 |  4.8
Dodging        | 3 4 5 |  5.4
Evocations     | 1 |  1.7
Throwing       | |  0.6

Action                   |  1- 3 |  4- 6 |  7- 9 | 10-12 || total
-------------------------+-------+-------+-------+-------++-------
Melee: Short sword       |     2 |       |       |       ||     2
       War axe           |       |       |       |    17 ||    17
Throw: Throwing net      |       |       |       |     2 ||     2
 Cast: Foxfire           |    72 |    34 |    60 |    36 ||   202
       Scorch            |       |    36 |    42 |    45 ||   123
       Inner Flame       |       |    16 |    59 |    28 ||   103
       Conjure Flame     |       |     1 |     1 |       ||     2
       Passwall          |       |       |     1 |       ||     1
       Flame Wave        |       |       |     4 |     1 ||     5
       Ice Form          |       |       |       |     2 ||     2
       Summon Lightning  |       |       |       |     9 ||     9
Evoke: Wand              |     2 |       |       |     8 ||    10
  Use: Scroll            |       |       |       |     7 ||     7
Armor: Robe              |     6 |     3 |     5 |    18 ||    32
       Skin              |       |       |       |     3 ||     3
Dodge: Dodged            |    23 |     4 |    14 |    56 ||    97
